 Dungeon Crawl Stone Soup version 0.29-a0-757-g358383bc75 (webtiles) character file.

Game seed: 18159271770726900080

12 coolguy69 the Cutter (level 2, 0/16 HPs)
             Began as a Vine Stalker Monk on July 1, 2022.
             Slain by a jackal (1 damage)
             ... on level 1 of the Dungeon.
             The game lasted 00:00:25 (582 turns).

coolguy69 the Cutter (Vine Stalker Monk)             Turns: 582, Time: 00:00:25

Health: 0/16       AC:  2    Str: 13    XL:     2   Next: 33%
Magic:  0/3        EV: 12    Int: 10    God:
Gold:   5          SH:  0    Dex: 16    Spells: 1/1 levels left

rFire   . . .      SeeInvis .   a - +0 short sword
rCold   . . .      Faith    .   (no shield)
rNeg    . . .      Spirit   +   b - +0 robe
rPois   .          Reflect  .   (no helmet)
rElec   .          Harm     .   (no cloak)
rCorr   .          Rampage  .   (no gloves)
Will    .....                   (no boots)
Stlth   ++........              (no amulet)
HPRegen 0.05/turn               (no ring)
MPRegen 0.08/turn               (no ring)

@: no status effects
A: fangs 2, magic shield, antimagic bite, no potion heal 2
a: no special abilities


You were on level 1 of the Dungeon.
You visited 1 branch of the dungeon, and saw 1 of its levels.

You collected 5 gold pieces.

Inventory:

Hand Weapons
 a - a +0 short sword (weapon)
Armour
 b - a +0 robe (worn)
Jewellery
 e - a ring of wizardry
Scrolls
 d - a scroll of magic mapping {unknown}
Potions
 c - a potion of ambrosia


   Skills:
 + Level 2.9 Fighting
 + Level 2.9 Short Blades
 + Level 2.5 Dodging
 + Level 2.6 Stealth


You had one spell level left.
You didn't know any spells.
Your spell library was empty.

Dungeon Overview and Level Annotations

Branches:
Dungeon (1/15)

Altars:
Dithmenos

Shops:
D:1 *


Innate Abilities, Weirdness & Mutations

You have extremely sharp teeth.
When hurt, damage is shared between your health and your magic reserves.
Your bite disrupts and absorbs the magic of your enemies.
Potions cannot restore your health.


Message History

The jackal bites you but does no damage.
The jackal bites you. The jackal closely misses you.
You hit the jackal.
You kill the jackal!
The frilled lizard closely misses you. The jackal misses you.
The jackal bites you.
A dart slug comes into view.
You hit the jackal.
You kill the jackal!
The jackal barely misses you. x2; The frilled lizard barely misses you.
You hit the jackal. Your bite misses the jackal.
The jackal is almost dead.
The jackal closely misses you. The jackal bites you.
The frilled lizard bites you. The jackal closely misses you.
The jackal bites you.
You closely miss the jackal.
The jackal is almost dead.
The frilled lizard barely misses you.
The jackal bites you but does no damage. x2
You closely miss the jackal.
The jackal is almost dead.
The jackal closely misses you. The jackal misses you.
The frilled lizard bites you.
You are too injured to fight recklessly!
You are too injured to fight recklessly!
You are too injured to fight recklessly!
You are too injured to fight recklessly!
You are too injured to fight recklessly!
You are too injured to fight recklessly!
You are too injured to fight recklessly!
You are too injured to fight recklessly!
You barely miss the jackal. Your bite misses the jackal.
The jackal is almost dead.
The jackal bites you. The jackal closely misses you.
The frilled lizard bites you. The jackal bites you.
* * * LOW HITPOINT WARNING * * *
The jackal misses you. The jackal bites you.
* * * LOW HITPOINT WARNING * * *
The frilled lizard barely misses you. The jackal bites you.
You die...

######### ##...#...##
##.?.......## ###.........$.####
#.............##.#
#..w†.......##.# #.h.l.....##..#
###h@.#...##..## ###......#
##..†# #........# #.#.#
#.#.....[# ##.#.#
..........###..#.# .......
...#......#|..##.# ........
...#........###..######
...............................#
......... .........#.###.#.....#


You could see a dart slug, 2 jackals and a frilled lizard.

Vanquished Creatures
  2 endoplasms (D:1)
  A giant cockroach (D:1)
  A hobgoblin (D:1)
  2 jackals (D:1)
  A ball python (D:1)
  A bat (D:1)
  2 kobolds (D:1)
  A rat (D:1)
11 creatures vanquished.

Notes
Turn   | Place    | Note
-------+----------+-------------------------------------------
     0 | D:1      | coolguy69 the Vine Stalker Monk began the quest for the
                  | Orb.
     0 | D:1      | Reached XP level 1. HP: 11/11 MP: 2/2
     1 | D:1      | Found a shadowy altar of Dithmenos.
   327 | D:1      | Found Gooty's Assorted Antiques.
   333 | D:1      | Reached XP level 2. HP: 15/16 MP: 3/3
   582 | D:1      | Slain by a jackal

Illustrated notes

Levels and vault maps discovered:
D:1:      sevenhm_arrival_forest_fort_small_6, layout_rooms, serial_shops, shop

Action                   || total
-------------------------++-------
Melee: Short sword       ||    31
       Bite              ||     5
Armor: Robe              ||     8
Dodge: Dodged            ||    29

Table legend: (Time is in decaauts)
 A = Elapsed time spent in this place.
 B = Non-inter-level travel time spent in this place.
 C = Inter-level travel time spent in this place.
 D = Time resting spent in this place.
 E = Time spent auto-exploring this place.
 F = Levels seen in this place.
 G = Mean time per level.
                   A        B        C        D        E       F      G
               +--------+--------+--------+--------+--------+-----+--------+
         Total |    580 |    580 |      0 |      0 |    501 |   1 |  580.0 |
       Dungeon |    580 |    580 |      0 |      0 |    501 |   1 |  580.0 |
               +--------+--------+--------+--------+--------+-----+--------+

Top non-repeatable levels by time:
     D:1: 580 daAuts
